 Dungeon Crawl Stone Soup version 0.21.1-1-g345015fe64 (webtiles) character file.

329 Redear the Ruffian (level 6, -1/32 HPs)
             Began as a Vine Stalker Fighter on Mar 9, 2018.
             Killed by nerve-wracking pain
             ... invoked by an orc priest
              (7 damage)
             ... on level 4 of the Dungeon.
             The game lasted 00:11:31 (3377 turns).

Redear the Ruffian (Vine Stalker Fighter)           Turns: 3377, Time: 00:11:32

Health: -1/32      AC: 10    Str: 18    XL:     6   Next: 51%
Magic:  0/7        EV:  5    Int:  8    God:
Gold:   271        SH:  0    Dex: 16    Spells: 5/5 levels left

rFire    . . .     SeeInvis .     - Unarmed
rCold    . . .     Gourm    .   (no shield)
rNeg     . . .     Faith    .   j - +0 plate armour
rPois    .         Spirit   +   t - +0 hat
rElec    .         Reflect  .   (no cloak)
rCorr    .         Harm     .   (no gloves)
MR       .....                  (no boots)
Stlth    ..........             (no amulet)
HPRegen  0.50/turn              m - ring of wizardry
MPRegen  0.10/turn              r - ring of loudness (curse)

@: drained
A: fangs 2, regeneration 1, magic shield, antimagic bite, no potion heal 3, rot
immunity
a: no special abilities


You were on level 4 of the Dungeon.
You were very hungry.

You visited 1 branch of the dungeon, and saw 4 of its levels.

You collected 271 gold pieces.

Inventory:

Hand Weapons
 v - a cursed -2 whip
Armour
 a - a +0 scale mail
 b - a +0 shield
 j - a +0 plate armour (worn)
 t - a +0 hat (worn)
Jewellery
 m - a ring of wizardry (left hand)
 r - a cursed ring of loudness (right hand)
 y - a cursed ring of teleportation {unknown}
Scrolls
 e - 4 scrolls of identify {unknown}
 g - 2 scrolls of random uselessness {unknown}
 h - 3 scrolls of remove curse {unknown}
 i - 2 scrolls of enchant armour {unknown}
 k - 2 scrolls of teleportation {unknown}
 n - a scroll of enchant weapon {unknown}
 p - 2 scrolls of noise {unknown}
 x - a scroll of immolation {unknown}
 A - 2 scrolls of amnesia {unknown}
Potions
 c - 3 potions of might
 f - 2 potions of brilliance {unknown}
 l - a potion of heal wounds {unknown}
 o - 3 potions of flight {unknown}
 q - a potion of haste {unknown}
 s - 2 potions of curing {unknown}
 u - a potion of cancellation {unknown}
 w - 2 potions of lignification {unknown}
 z - a potion of magic {unknown}
 B - a potion of resistance {unknown}
Comestibles
 d - 9 rations


   Skills:
 - Level 2.8(1.9) Fighting
 - Level 2.5(1.6) Armour
 - Level 2.9(2.0) Shields
 + Level 6.4(5.3) Unarmed Combat


You had 5 spell levels left.
You didn't know any spells.

Dungeon Overview and Level Annotations

Branches:
Dungeon (4/15)
 Temple: D:4-7

Altars:
Fedhas
Makhleb
Uskayaw


Innate Abilities, Weirdness & Mutations

You have extremely sharp teeth.
Your natural rate of healing is unusually fast.
When hurt, damage is shared between your health and your magic reserves.
Your bite disrupts and absorbs the magic of your enemies.
Potions cannot restore your health.
You are immune to rotting.


Message History

The magic dart hits you!
You hit the orc priest. Your bite misses the orc priest.
The orc priest is moderately wounded.
You hear some strange, mumbled words.
A magic dart appears from out of thin air!
The magic dart hits you!
You hit the orc priest but do no damage.
The orc priest is moderately wounded.
The orc priest calls down the wrath of Beogh upon you.
Beogh smites you! Something hits you but does no damage.
You hit the orc priest.
You bite the orc priest, but do no damage.
The orc priest is severely wounded.
You hear some strange, mumbled words.
A puff of frost appears from out of thin air!
The puff of frost hits you!
* * * LOW HITPOINT WARNING * * *
The orc priest mumbles some strange prayers to Beogh against you.
Pain shoots through your body!
You die...

..............................((#
#....................#........(((
##..............####..........(..
...........................#((.
.........#####...####........(.
#........# #..######.....PP.(.
#....#######.###........PPPP)(
................######.PP_.P#
######{@#### #.P.P.P. ##o#
#.PPP.P. #.# #....... #.#
######.. #.. # ##. .# .# .#


You could see an orc priest.

Vanquished Creatures
  A centaur (D:4)
  A hound (D:4)
  A bullfrog skeleton (D:4)
  A worker ant (D:4)
  9 adders
  An ooze (D:4)
  2 worms
  4 dart slugs
  3 leopard geckos
  4 orcs
  A giant cockroach (D:3)
  3 goblins
  7 hobgoblins
  6 jackals
  2 quokkas
  9 bats
  5 frilled lizards
  5 kobolds
  4 rats
69 creatures vanquished.

Vanquished Creatures (others)
  A bush (D:4)
1 creature vanquished.

Grand Total: 70 creatures vanquished

Notes
Turn   | Place    | Note
-------+----------+-------------------------------------------
     0 | D:1      | Redear the Vine Stalker Fighter began the quest for the Orb.
     0 | D:1      | Reached XP level 1. HP: 11/11 MP: 2/2
   128 | D:1      | Reached XP level 2. HP: 16/16 MP: 3/3
  1040 | D:2      | Reached XP level 3. HP: 11/19 MP: 2/4
  1244 | D:2      | Reached skill level 3 in Unarmed Combat
  1434 | D:2      | Gained mutation: Your natural rate of healing is unusually fast. [Vine Stalker growth]
  1434 | D:2      | Reached XP level 4. HP: 17/23 MP: 3/5
  1665 | D:2      | Reached skill level 4 in Unarmed Combat
  2132 | D:3      | Reached XP level 5. HP: 9/28 MP: 6/6
  2398 | D:3      | Found a burning altar of Makhleb.
  2606 | D:4      | Reached skill level 5 in Unarmed Combat
  2828 | D:4      | Found a hide-covered altar of Uskayaw.
  2908 | D:4      | Reached XP level 6. HP: 31/32 MP: 5/7
  3147 | D:4      | Found a blossoming altar of Fedhas.
  3326 | D:4      | Reached skill level 6 in Unarmed Combat
  3377 | D:4      | Killed from afar by an orc priest

Skill      XL: |  1  2  3  4  5  6 |
---------------+-------------------+-----
Unarmed Combat | 3 4 5 6 |  6.4
Fighting       | |  2.8
Armour         | |  2.5
Shields        | |  2.9

Action                   |  1- 3 |  4- 6 || total
-------------------------+-------+-------++-------
Melee: Unarmed           |   132 |   186 ||   318
       Bite              |    28 |    53 ||    81
       Punch             |     1 |     3 ||     4
  Eat: Chunk             |     1 |     6 ||     7
Armor: Scale mail        |    11 |       ||    11
       Plate armour      |    88 |   188 ||   276
Dodge: Dodged            |    14 |    81 ||    95
Block: Shield            |    50 |       ||    50
